 Dungeon Crawl Stone Soup version 0.29.1-1-gd02db6906a (webtiles) character file.

Game seed: 1937738471001248988

65454 suse60 the Warrior (level 14, -1/150 HPs)
             Began as a Minotaur Fighter on Sept 14, 2022.
             Was the Champion of Makhleb.
             Slain by an orc knight
             ... wielding a +0 bardiche
              (28 damage)
             ... on level 2 of the Orcish Mines on Sept 28, 2022.
             The game lasted 01:58:54 (19440 turns).

suse60 the Warrior (Minotaur Fighter)              Turns: 19440, Time: 01:58:54

Health: -1/150     AC: 19    Str: 30    XL:     14   Next: 75%
Magic:  22/22      EV:  8    Int:  5    God:    Makhleb [******]
Gold:   679        SH: 18    Dex: 12    Spells: 13/13 levels left

rFire   . . .      SeeInvis .   a - +5 war axe (flame)
rCold   + . .      Faith    .   N - +2 kite shield {rPois}
rNeg    . . .      Spirit   .   F - +1 crystal plate armour {rC+}
rPois   +          Reflect  +   (helmet restricted)
rElec   .          Harm     .   u - +0 cloak
rCorr   .          Rampage  .   (no gloves)
Will    +....                   y - +2 pair of boots
Stlth   ..........              b - amulet of reflection
HPRegen 0.35/turn               (no ring)
MPRegen 0.18/turn               c - +6 ring of strength

@: corroded
A: horns 2, retaliatory headbutt, talons 1, poison resistance, robust 1
a: Renounce Religion, Minor Destruction, Lesser Servant of Makhleb, Major
Destruction, Greater Servant of Makhleb


You were on level 2 of the Orcish Mines.
You worshipped Makhleb.
Makhleb was exalted by your worship.
You visited 4 branches of the dungeon, and saw 20 of its levels.
You also visited: Ice Cave.

You collected 1183 gold pieces.
You spent 504 gold pieces at shops.

Inventory:

Hand Weapons
 a - a +5 war axe of flaming (weapon)
Missiles
 i - 25 poisoned darts (quivered)
Armour
 u - a +0 cloak (worn)
 y - a +2 pair of boots (worn)
 F - a +1 crystal plate armour of cold resistance (worn)
 N - a +2 kite shield of poison resistance (worn)
Jewellery
 b - an amulet of reflection (around neck)
 c - a +6 ring of strength (right hand)
 h - a ring of willpower
 j - a ring of protection from cold
 q - a ring of fire
 s - a ring of flight
 t - a ring of resist corrosion
Wands
 v - a wand of polymorph (5)
 B - a wand of flame (2)
 D - a wand of charming (8)
 H - a wand of digging (4)
Scrolls
 e - 2 scrolls of blinking
 f - 5 scrolls of fog
 m - a scroll of identify
 o - 2 scrolls of poison
 r - a scroll of torment {unknown}
 w - 9 scrolls of teleportation
 x - a scroll of enchant weapon
 C - a scroll of summoning
 E - 3 scrolls of fear
Potions
 d - 2 potions of might
 g - 3 potions of haste
 k - 9 potions of curing
 l - 5 potions of heal wounds
 n - 2 potions of flight
 p - a potion of resistance
 A - a potion of invisibility
Miscellaneous
 I - a piece from Xom's chessboard (15/15)
 K - a box of beasts


   Skills:
 - Level 16.1 Fighting
 - Level 10.3 Axes
 - Level 11.0 Armour
 - Level 10.0 Dodging
 + Level 9.4 Shields
 - Level 12.1 Invocations
 - Level 10.0 Evocations


You had 13 spell levels left.
You didn't know any spells.
Your spell library contained the following spells:

 Spells                   Type           Power      Damage    Failure   Level
 Freeze                   Ice            0%         1d3       100%        1
 Magic Dart               Conj           0%         1d3       100%        1
 Necrotise                Necr           0%         1d4       100%        1
 Blink                    Tloc           0%         N/A       100%        2
 Call Imp                 Summ           0%         N/A       100%        2
 Static Discharge         Conj/Air       0%         3-3/arc   100%        2
 Sublimation of Blood     Necr           0%         N/A       100%        2
 Wereblood                Tmut           0%         N/A       100%        2
 Conjure Flame            Conj/Fire      0%         6-21      100%        3
 Gell's Gravitas          Tloc           0%         N/A       100%        3
 Ignite Poison            Fire/Tmut/Pois 0%         N/A       100%        3
 Lesser Beckoning         Tloc           0%         N/A       100%        3
 Mephitic Cloud           Conj/Pois/Air  0%         N/A       100%        3
 Ozocubu's Armour         Ice            0%         N/A       100%        3
 Teleport Other           Tloc           0%         N/A       100%        3
 Tukima's Dance           Hex            0%         N/A       100%        3
 Vampiric Draining        Necr           0%         2d6       100%        3
 Passage of Golubria      Tloc           0%         N/A       100%        4
 Sticky Flame             Conj/Fire      0%         2d3       100%        4
 Summon Ice Beast         Ice/Summ       0%         N/A       100%        4
 Agony                    Necr           0%         N/A       100%        5
 Freezing Cloud           Conj/Ice/Air   0%         6-21      100%        5
 Iskenderun's Battlesphe  Conj           0%         2d6       100%        5
 Lightning Bolt           Conj/Air       0%         1d11      100%        5
 Manifold Assault         Tloc           0%         N/A       100%        5
 Yara's Violent Unravell  Hex/Tmut       0%         3d3       100%        5
 Iron Shot                Conj/Erth      0%         9d1       100%        6
 Spellforged Servitor     Conj/Summ      0%         N/A       100%        7
 Summon Hydra             Summ           0%         N/A       100%        7
 Maxwell's Capacitive Co  Air            0%         ∞         100%        8


Dungeon Overview and Level Annotations

Branches:
Dungeon (12/15)            Temple (1/1) D:7            Lair (5/5) D:8
 Shoals (0/4) Lair:3        Snake (0/4) Lair:3        Slime (0/5) Lair:5
    Orc (2/2) D:11          IceCv (visited)
    Elf: Orc:2

Altars:
Cheibriados
Dithmenos
Elyvilon
Fedhas
Kikubaaqudgha
Makhleb
Trog
Uskayaw
Jiyva

Shops:
D:8 =   D:11 *

Annotations:
D:11 1 runed translucent door, dunno567's ghost, journeyman FoAK
Orc:1 2 transporters


Innate Abilities, Weirdness & Mutations

You have a pair of horns on your head.
You reflexively headbutt those who attack you in melee.
You have sharp toenails.
Your system is resistant to poisons. (rPois)
You are robust. (+10% HP)


Message History

The orc warrior is almost dead.
You hit the orc wizard. You burn the orc wizard. You hit the orc warrior.
You burn the orc warrior. You block the orc warrior's attack.
The orc wizard mumbles some strange words.
The orc wizard flickers and vanishes!
You block the orc warrior's attack. The orc warrior barely misses you.
The orc knight hits you from afar with a +0 bardiche!!
You slice the orc warrior!! You burn the orc warrior.
You kill the orc warrior!
Makhleb accepts your kill.
You feel better.
You slash the orc wizard! You burn the orc wizard.
You kill the orc wizard!
Makhleb accepts your kill.
You feel better.
You closely miss the orc warrior.
You hit the rust devil but do no damage.
The orc warrior hits you from afar with a +0 halberd!!
You block the orc knight's attack.
The orc high priest mumbles some strange prayers to Beogh.
The rust devil hits you. The rust devil corrodes you!
You hit the orc warrior but do no damage.
The orc warrior is severely wounded.
You hit the smoke demon but do no damage.
You slash the rust devil!
The orc priest calls down the wrath of Beogh upon you.
Beogh smites you!
The orc priest begins to cast a cantrip, but forgets the words!
The orc warrior hits you but does no damage.
You block the orc warrior's attack.
The orc knight hits you from afar with a +0 bardiche!
The orc high priest prays to Beogh.
You block the red devil's attack. The smoke demon gestures at you.
Beogh smites you!
* * * LOW HITPOINT WARNING * * *
The rust devil hits you. The rust devil corrodes you!
You block the orc high priest's attack. The orc warrior closely misses you.
The orc warrior hits you with a +0 long sword!
* * * LOW HITPOINT WARNING * * *
The orc knight hits you from afar with a +0 bardiche!!
You die...

## #.# ##..#
#....#
#.....##
#......##
#..o@)#
#.oo43##
#.4.ooo#
###.o.o{o.#
#$.....oo.....
#.....###o4o..
..$.#.## o4o..
.....### o4..
...## ...


You could see an orc warlord (strong), 3 orc knights, 2 orc high priests, an
orange demon (summoned), a hellwing (summoned), a rust devil (summoned), a smoke
demon (summoned), a chaos spawn (summoned), a red devil (summoned), 3 orc
warriors, 2 orc priests, an orc wizard (strong) and 4 orcs.

Vanquished Creatures
  An orc warlord (Orc:1)
  Nessos (Lair:5)
  A dire elephant (Lair:5)
  8 hydras
  A catoblepas (Lair:5)
  2 ironbound frosthearts (IceCv)
  A two-headed ogre (D:9)
  Urug (D:10)
  10 death yaks
  An orc high priest (Orc:2)
  Amaemon (D:8)
  Pikel (D:8)
  A necromancer (Lair:4)
  An ugly thing (IceCv)
  5 oklob plants
  2 manticores (Lair:5)
  2 orc sorcerers (Orc:2)
  18 elephants
  12 black mambas
  An ice statue (IceCv)
  A torpor snail (Lair:5)
  An orange demon (D:8)
  15 cane toads
  Psyche (D:10)
  7 komodo dragons
  An unseen horror (D:11)
  5 rime drakes
  2 ice devils (Lair:4)
  3 trolls
  A hornet (Lair:4)
  13 polar bears
  12 blink frogs
  Grinder (D:4)
  7 dream sheep
  A vampire (D:11)
  33 yaks
  2 water elementals (D:11)
  3 wyverns
  2 wraiths (D:11)
  4 basilisks
  2 wargs
  An acid dragon (D:9)
  Edmund (D:6)
  16 water moccasins
  2 sky beasts
  2 ice beasts (D:8)
  14 orc warriors
  A black bear (D:6)
  An elephant zombie (Lair:4)
  2 ogres
  23 wolves
  8 centaurs
  4 phantoms
  A komodo dragon zombie (Lair:4)
  12 bullfrogs
  A kobold brigand (D:7)
  3 necrophages
  5 scorpions
  16 wights
  4 killer bees (D:9)
  2 vampire bats (D:3)
  13 electric eels
  5 jellies
  3 gnoll boudas
  7 orc priests
  A basilisk zombie (Lair:4)
  4 hounds
  2 hell rats (Lair:5)
  2 iguanas
  10 orc wizards
  16 gnolls
  5 adders
  A shadow imp (D:7)
  A white imp (D:6)
  An ufetubus (D:6)
  9 worms
  A dart slug (D:3)
  41 orcs
  6 ball pythons
  5 bat skeletons (D:3)
  A bat zombie (D:3)
  10 endoplasms
  5 giant cockroaches
  5 goblins
  5 hobgoblins
  5 jackals (D:2)
  7 kobolds
  3 quokkas
  3 bats
  4 frilled lizards
  4 rats
492 creatures vanquished.

Vanquished Creatures (collateral kills)
  A dream sheep (Lair:3)
  A bullfrog (Lair:3)
  A rat (D:3)
3 creatures vanquished.

Vanquished Creatures (others)
  13 fungi
  34 plants
47 creatures vanquished.

Grand Total: 542 creatures vanquished

Notes
Turn   | Place    | Note
-------+----------+-------------------------------------------
     0 | D:1      | suse60 the Minotaur Fighter began the quest for the Orb.
     0 | D:1      | Reached XP level 1. HP: 19/19 MP: 0/0
   196 | D:1      | Reached skill level 4 in Fighting
   196 | D:1      | Reached XP level 2. HP: 27/27 MP: 1/1
   279 | D:1      | Found a faded altar of an unknown god.
   868 | D:2      | Identified the +4 ring mail of Ecsumpeps {rCorr}
   912 | D:2      | Reached XP level 3. HP: 34/34 MP: 2/2
  1862 | D:3      | Reached XP level 4. HP: 40/41 MP: 3/3
  1872 | D:3      | Reached skill level 5 in Fighting
  1945 | D:3      | Found an ancient bone altar of Kikubaaqudgha.
  1954 | D:3      | Reached skill level 5 in Axes
  1954 | D:3      | Reached XP level 5. HP: 50/50 MP: 4/4
  2127 | D:3      | Found a hide-covered altar of Uskayaw.
  2134 | D:3      | Noticed a phantom
  2155 | D:3      | Killed a phantom
  2156 | D:3      | Reached skill level 6 in Fighting
  2260 | D:3      | Found a bloodstained altar of Trog.
  2288 | D:3      | Reached XP level 6. HP: 57/57 MP: 5/5
  2460 | D:3      | Found a burning altar of Makhleb.
  2718 | D:4      | Noticed Grinder
  2726 | D:4      | Killed Grinder
  2727 | D:4      | Reached skill level 7 in Fighting
  2727 | D:4      | Reached XP level 7. HP: 60/66 MP: 6/6
  2864 | D:3      | Became a worshipper of Makhleb the Destroyer
  3312 | D:5      | Entered Level 5 of the Dungeon
  3613 | D:5      | Reached skill level 8 in Fighting
  3622 | D:5      | Gained mutation: Your system is resistant to poisons.
                  | (rPois) [potion of mutation]
  3622 | D:5      | Gained mutation: You are robust. (+10% HP) [potion of
                  | mutation]
  3622 | D:5      | Gained mutation: You have sharp toenails. [potion of
                  | mutation]
  4229 | D:5      | Found a shadowy altar of Dithmenos.
  4238 | D:5      | Reached XP level 8. HP: 81/82 MP: 7/7
  4366 | D:6      | Noticed a troll
  4380 | D:6      | Reached skill level 9 in Fighting
  4386 | D:6      | a troll changed into a basilisk
  4624 | D:6      | Reached * piety under Makhleb
  4752 | D:6      | Found a blossoming altar of Fedhas.
  4798 | D:6      | Noticed Edmund
  4804 | D:6      | Killed Edmund
  4805 | D:6      | Reached skill level 10 in Fighting
  4842 | D:6      | Reached skill level 10 in Axes
  5066 | D:6      | Reached XP level 9. HP: 94/94 MP: 8/8
  5365 | D:6      | Upgraded the game from 0.29.1 to 0.29.1-1-gd02db6906a
  5992 | D:7      | Reached skill level 5 in Armour
  6117 | D:7      | Found a staircase to the Ecumenical Temple.
  6126 | Temple   | Entered the Ecumenical Temple
  6404 | D:8      | Noticed Amaemon
  6404 | D:8      | Noticed an orange demon
  6548 | D:8      | Found Otainuth's Jewellery Shoppe.
  6653 | D:8      | Reached ** piety under Makhleb
  6660 | D:8      | Killed an orange demon
  6751 | D:8      | Killed Amaemon
  6752 | D:8      | Reached skill level 10 in Armour
  6752 | D:8      | Reached XP level 10. HP: 84/103 MP: 9/9
  6907 | D:8      | Noticed Pikel
  6913 | D:8      | Killed Pikel
  6947 | D:8      | Found a white marble altar of Elyvilon.
  7029 | D:8      | Reached skill level 1 in Dodging
  7118 | D:8      | Found a staircase to the Lair.
  7127 | D:8      | Found a viscous altar of Jiyva.
  7291 | D:8      | Found a snail-covered altar of Cheibriados.
  7508 | D:9      | Reached skill level 5 in Dodging
  7672 | D:9      | Identified the +4 hand axe of Plunder {vorpal, rC+ Int+5
                  | Dex-4}
  7756 | D:9      | Noticed a two-headed ogre
  7760 | D:9      | Killed a two-headed ogre
  7985 | Lair:1   | Entered Level 1 of the Lair of Beasts
  7993 | Lair:1   | Reached *** piety under Makhleb
  8030 | Lair:1   | Identified a scroll of acquirement
  8030 | Lair:1   | Acquired +0 storm dragon scales
  8235 | Lair:1   | Noticed a cane toad
  8245 | Lair:1   | Killed a cane toad
  8253 | Lair:1   | Noticed a cane toad
  8263 | Lair:1   | Killed a cane toad
  8264 | Lair:1   | Reached XP level 11. HP: 101/111 MP: 10/10
  8325 | Lair:1   | Reached skill level 10 in Dodging
  8346 | Lair:1   | Noticed an eight-headed hydra
  8360 | Lair:1   | Killed a six-headed hydra
  8361 | Lair:1   | Reached skill level 5 in Shields
  8515 | Lair:1   | Reached skill level 1 in Invocations
  8612 | Lair:1   | Noticed an oklob plant
  8618 | Lair:1   | Identified the +8 flail of Outrage {flame, rF+ Str+4 Dex-4}
  8626 | Lair:1   | Killed an oklob plant
  8988 | Lair:2   | Reached skill level 5 in Invocations
  9614 | Lair:2   | Reached **** piety under Makhleb
  9915 | Lair:3   | Reached XP level 12. HP: 84/118 MP: 17/17
 10326 | Lair:3   | Found a staircase to the Shoals.
 10336 | Lair:3   | Reached skill level 10 in Invocations
 10344 | Lair:3   | Reached skill level 11 in Fighting
 10643 | Lair:3   | Found a staircase to the Snake Pit.
 10685 | Lair:3   | Reached skill level 12 in Fighting
 11106 | Lair:3   | Reached skill level 13 in Fighting
 11272 | Lair:4   | Noticed a death yak
 11294 | Lair:4   | Killed a death yak
 11430 | Lair:4   | Found a frozen archway.
 11440 | Lair:4   | Reached skill level 14 in Fighting
 11452 | IceCv    | Entered an ice cave
 11747 | IceCv    | Reached ***** piety under Makhleb
 11972 | IceCv    | Reached skill level 15 in Fighting
 11975 | IceCv    | Reached XP level 13. HP: 138/138 MP: 19/19
 12225 | IceCv    | Got the Codex of the Blizzard
 13222 | Lair:4   | Reached skill level 16 in Fighting
 13564 | Lair:5   | Entered Level 5 of the Lair of Beasts
 13578 | Lair:5   | Reached skill level 1 in Evocations
 14166 | Lair:5   | Reached skill level 5 in Evocations
 14389 | Lair:5   | Noticed Nessos
 14403 | Lair:5   | Killed Nessos
 14404 | Lair:5   | Reached XP level 14. HP: 132/150 MP: 22/22
 15228 | Lair:5   | Found a staircase to the Slime Pits.
 15229 | Lair:5   | Found a viscous altar of Jiyva.
 16094 | D:8      | Bought a +6 ring of strength for 504 gold pieces
 16122 | D:10     | Entered Level 10 of the Dungeon
 16128 | D:10     | Noticed Psyche
 16135 | D:10     | Killed Psyche
 16298 | D:10     | Reached skill level 10 in Evocations
 16354 | D:10     | Found Buosu's Neck Hole.
 16721 | D:10     | Noticed Urug
 16734 | D:10     | Killed Urug
 17447 | D:11     | Reached ****** piety under Makhleb
 17480 | D:11     | Found a runed translucent door.
 17481 | D:11     | Noticed dunno567's ghost (journeyman FoAK)
 17628 | D:11     | Noticed an angel
 17630 | D:11     | Found Oschagh's Hallowed Reliquary.
 17748 | D:11     | Found a staircase to the Orcish Mines.
 18389 | Orc:1    | Entered Level 1 of the Orcish Mines
 18474 | Orc:1    | Found a transporter.
 18479 | Orc:1    | Noticed a stone giant
 18492 | Orc:1    | Identified the +4 short sword "Aro Zoib" {vamp, rElec SInv}
 18493 | Orc:1    | Found a transporter.
 18493 | Orc:1    | Noticed a stone giant
 18518 | Orc:2    | Entered Level 2 of the Orcish Mines
 18518 | Orc:2    | Noticed an orc warlord
 18844 | Orc:1    | Killed an orc warlord
 19227 | Orc:2    | Noticed an orc warlord
 19440 | Orc:2    | Slain by an orc knight

Illustrated notes

Levels and vault maps discovered:
D:1:      erik_arrival_cave_to_civilisation [erik_arrival_cave_to_hall],
          layout_basic, serial_rivers, chequers_serial_rivers_micro_a,
          chequers_serial_rivers_small_a, chequers_serial_rivers_small_b,
          chequers_serial_rivers_small_a, chequers_serial_rivers_marsh,
          chequers_ecumenical_altar_grove
D:2:      layout_loops_corners, minmay_heptomino_d4
D:3:      layout_basic, trog_book, nicolae_overflow_hidden_temple,
          eat_drink_and_be_merry_uskayaw, kennysheep_vampire_church
D:4:      nicolae_cairo_tiling, layout_basic, minmay_circle_x, uniq_grinder
D:5:      layout_loops_ring, grunt_dithmenos_shadows, minmay_crystal_water,
          kennysheep_another_room, minmay_misc_feat_diagonals, nicolae_wormholes
D:6:      layout_gridville, fedhas_altar_fruit_tree, minmay_diced_spiral,
          uniq_edmund
D:7:      layout_gridville, temple_hall, grunt_decor_resistance, minivault_25,
          kennysheep_dice
D:8:      layout_rooms, elyvilon_altar_5, slow_altar_2, lair_entry_dummy,
          serial_shops, nicolae_shop_crystal, jiyva_altar_1, uniq_pikel,
          uniq_amaemon
D:9:      layout_roguey
D:10:     layout_irregular_city, nicolae_shop_sticking_my_neck_out, uniq_urug,
          uniq_psyche
D:11:     layout_basic, david_orc_2, ebering_ghost_inner_flame,
          nicolae_good_shop
D:12:     layout_layer_cave, minivault_8
Temple:   compressed_dpeg_circular_temple
Lair:1:   layout_misc_corridors, minmay_lair_oklob_items
Lair:2:   layout_hall_layers
Lair:3:   layout_cave_pods, minmay_shoals_entry_centaurs,
          minmay_snake_entry_six_corridors, grunt_megastairs_2
Lair:4:   pond_and_an_island_with_a_cottage, layout_regular_city,
          portal_ice_cave_demonic_guard, wad_woods_river_02
Lair:5:   hangedman_lair_in_review, layout_regular_city,
          minmay_slime_entry_oklob_open, uniq_nessos
Orc:1:    gammafunk_beogh_shrine, layout_diamond_mine
Orc:2:    st_orc_congregation, layout_diamond_mine, serial_shops,
          nicolae_shop_bloodbath_and_beyond

Skill      XL: |  1  2  3  4  5  6  7  8  9 10 11 12 13 14 |
---------------+-------------------------------------------+-----
Fighting       | 4 5 6 7 8 10 15 16 | 16.1
Axes           | 3 4 5 6 8 10 | 10.3
Armour         | 10 11 | 11.0
Dodging        | 9 10 | 10.0
Shields        | 6 9 |  9.4
Invocations    | 8 10 12 | 12.1
Evocations     | 6 10 | 10.0

Action                   |  1- 3 |  4- 6 |  7- 9 | 10-12 | 13-15 || total
-------------------------+-------+-------+-------+-------+-------++-------
Melee: War axe           |    91 |    54 |   227 |   556 |   710 ||  1638
       Headbutt          |     8 |     7 |    50 |   119 |   207 ||   391
       Kick              |       |       |    21 |       |       ||    21
Throw: Dart              |       |       |       |     1 |       ||     1
Invok: Lesser Servant of |       |       |       |     1 |     4 ||     5
       Greater Servant o |       |       |       |       |     1 ||     1
Evoke: Wand              |       |     2 |    10 |     6 |     7 ||    25
  Use: Scroll            |     7 |     2 |     9 |    10 |     5 ||    33
       Potion            |       |       |     2 |     1 |       ||     3
 Stab: Distracted        |       |       |       |       |     4 ||     4
Armor: Scale mail        |     5 |       |       |       |       ||     5
       Ring mail         |    22 |    21 |    74 |    25 |       ||   142
       Storm dragon scal |       |       |       |   148 |       ||   148
       Crystal plate arm |       |       |       |       |   435 ||   435
Dodge: Dodged            |    27 |    24 |    55 |   170 |   168 ||   444
Block: Buckler           |    31 |    36 |   115 |   305 |   291 ||   778
       Reflection        |       |     1 |     3 |       |     4 ||     8
       Kite shield       |       |       |       |       |   185 ||   185
